 Dungeon Crawl Stone Soup version 0.29-a0-284-gf9362112df (webtiles) character file.

Game seed: 4530149270129122766

275 Orthodox the Vexing (level 6, -4/43 HPs)
             Began as a Vampire Enchanter on Mar 27, 2022.
             Was an Initiate of Sif Muna.
             Slain by a gnoll shaman (8 damage)
             ... in the Ecumenical Temple on Mar 28, 2022.
             The game lasted 00:14:02 (3511 turns).

Orthodox the Vexing (Vampire Enchanter)             Turns: 3511, Time: 00:14:03

Health: -4/43      AC:  4    Str:  9    XL:     6   Next: 3%
Magic:  0/11       EV: 12    Int: 18    God:    Sif Muna [......]
Gold:   132        SH:  0    Dex: 14    Spells: 7/12 levels left

rFire   . . .      SeeInvis +   a - +2 dagger (elec)
rCold   . . .      Faith    .   (no shield)
rNeg    . . .      Spirit   .   b - +0 robe
rPois   .          Reflect  .   (no helmet)
rElec   .          Harm     .   u - +0 cloak
rCorr   .          Rampage  .   g - +0 pair of gloves
Will    .....                   (no boots)
Stlth   ++........              (no amulet)
HPRegen 0.34/turn               (no ring)
MPRegen 0.12/turn               (no ring)

@: lit by a corona, healing quickly, glowing
A: alive, fangs 3, see invisible, vampiric 2
a: Exsanguinate, Renounce Religion


You were in the Ecumenical Temple.
You worshipped Sif Muna.
Sif Muna was noncommittal.
You visited 2 branches of the dungeon, and saw 5 of its levels.

You collected 132 gold pieces.

Inventory:

Hand Weapons
 a - a +2 dagger of electrocution (weapon)
Missiles
 f - 4 javelins (quivered)
Armour
 b - a +0 robe (worn)
 g - a +0 pair of gloves (worn)
 u - a +0 cloak (worn)
Wands
 n - a wand of flame (10)
Scrolls
 d - a scroll of enchant weapon
 e - 3 scrolls of enchant armour
 h - a scroll of noise
 m - a scroll of silence {unknown}
 q - a scroll of immolation
 r - a scroll of holy word {unknown}
 s - a scroll of identify {@r1}
Potions
 c - 2 potions of invisibility
 i - 3 potions of curing {unknown}
 j - a potion of might {unknown}
 k - 3 potions of flight {unknown}
 l - 2 potions of heal wounds {unknown}
 o - 2 potions of haste {unknown}
 p - a potion of ambrosia {unknown}
 t - a potion of berserk rage {unknown}


   Skills:
 - Level 1.2 Fighting
 - Level 2.0 Short Blades
 - Level 2.1 Dodging
 + Level 6.2 Stealth
 + Level 3.6 Spellcasting
 + Level 6.5 Hexes


You had 7 spell levels left.
You knew the following spells:

 Your Spells              Type           Power      Damage    Failure   Level
a - Ensorcelled Hibernat  Hex/Ice        30%        N/A       6%          2
b - Tukima's Dance        Hex            26%        N/A       3%          3

Your spell library contained the following spells:

 Spells                   Type           Power      Damage    Failure   Level
 Confusing Touch          Hex            26%        N/A       3%          3
 Dazzling Flash           Conj/Hex       30%        N/A       12%         3


Dungeon Overview and Level Annotations

Branches:
Dungeon (4/15)             Temple (1/1) D:4

Altars:
Ashenzari
Dithmenos
Elyvilon
Fedhas
Gozag
Hepliaklqana
Kikubaaqudgha
Makhleb
Nemelex Xobeh
Okawaru
Qazlal
Ru
Sif Muna
Trog
Uskayaw
Vehumet
Wu Jian
Xom
Yredelemnul
Zin
The Shining One


Innate Abilities, Weirdness & Mutations

Your natural rate of healing is accelerated.
You have razor-sharp teeth.
You have supernaturally acute eyesight. (SInv)
You are afflicted with vampirism and can become a bat while bloodless.


Message History

Press: ? - help, Shift-Dir - straight line, f - gnoll shaman
Aim: a gnoll shaman, wielding a +0 club and wearing a +0 leather armour (chance to affect: 57%)
The gnoll shaman resists with significant effort.
The gnoll shaman hits you with a +0 club!
* * * LOW HITPOINT WARNING * * *
You take 10 damage, and have 11/43 hp.
MASSIVE DAMAGE!!
You now have 1/11 mp.
Casting: Tukima's Dance (dangerous; 3% risk of failure)
Confirm with . or Enter, or press ? or * to list all spells.
You don't have enough magic to cast this spell.
Unknown command.
The gnoll shaman attacks as you move away!
The gnoll shaman hits you with a +0 club.
* * * LOW HITPOINT WARNING * * *
You take 3 damage, and have 8/43 hp.
The gnoll shaman attacks as you move away!
The gnoll shaman hits you but does no damage.
The gnoll shaman attacks as you move away!
The gnoll shaman closely misses you.
The gnoll shaman attacks as you move away!
The gnoll shaman hits you with a +0 club.
* * * LOW HITPOINT WARNING * * *
You take 4 damage, and have 5/43 hp.
The gnoll shaman attacks as you move away!
The gnoll shaman completely misses you.
The gnoll shaman attacks as you move away!
The gnoll shaman hits you with a +0 club.
* * * LOW HITPOINT WARNING * * *
You take 5 damage, and have 2/43 hp.
The gnoll shaman calls down the wrath of its god upon you.
You are outlined in light.
Casting: Tukima's Dance (dangerous; 3% risk of failure)
Confirm with . or Enter, or press ? or * to list all spells.
Aiming: Tukima's Dance (dangerous; 3% risk of failure)
Press: ? - help, Shift-Dir - straight line, f/p - gnoll shaman
Aim: a gnoll shaman, wielding a +0 club and wearing a +0 leather armour (chance to affect: 57%)
The +0 club dances into the air!
You now have 0/11 mp.
The gnoll shaman attacks as you move away!
The gnoll shaman hits you!
You die...

.###.......#.....#.....#...#.....
............#...#.......###......
.............###.................
#................(............###
.#......###..................#...
..#....#...#................#....
..#...#.....#......###......#.._.
..#...#.._..#....g#...#.....#....
.#....#.....#...@#...).#.....#...
#......#...#.....#.)<..#......###
........###......#.....#.........
.................)#...#..........
##................†###......###..
..#........................#...#.
...#.......###............#.....#
_..#......#...#...........#.._..#
...#.....#.....#..........#.....#


You could see a gnoll shaman (ally target) and a friendly +0 club.

Vanquished Creatures
  A necrophage (D:3)
  A scorpion (D:3)
  Crazy Yiuf (D:3)
  Natasha (Temple)
  4 gnolls
  2 adders
  A worm (D:2)
  6 endoplasms
  A giant cockroach (D:4)
  10 goblins
  3 hobgoblins
  2 quokkas (D:1)
  A ball python (D:1)
  5 bats
  3 frilled lizards
  8 kobolds
  3 rats (D:2)
53 creatures vanquished.

Notes
Turn   | Place    | Note
-------+----------+-------------------------------------------
     0 | D:1      | Orthodox the Vampire Enchanter began the quest for the Orb.
     0 | D:1      | Reached XP level 1. HP: 13/13 MP: 3/3
   165 | D:1      | Reached skill level 1 in Fighting
   165 | D:1      | Reached XP level 2. HP: 21/21 MP: 5/5
   189 | D:1      | Learned a level 2 spell: Ensorcelled Hibernation
   468 | D:1      | Gained mutation: You are afflicted with vampirism and can
                  | become a bat while bloodless. [Vampire growth]
   468 | D:1      | Reached XP level 3. HP: 26/26 MP: 3/6
   861 | D:2      | Reached skill level 5 in Hexes
  1466 | D:2      | Learned a level 3 spell: Tukima's Dance
  2187 | D:3      | Reached XP level 4. HP: 32/32 MP: 4/8
  2224 | D:3      | Found a faded altar of an unknown god.
  2489 | D:3      | Found a runed translucent door.
  2490 | D:3      | Noticed Crazy Yiuf
  2657 | D:3      | Killed Crazy Yiuf
  2658 | D:3      | Reached skill level 5 in Stealth
  2739 | D:4      | Noticed a scorpion
  2739 | D:4      | Noticed a necrophage
  2746 | D:3      | Killed a scorpion
  2747 | D:3      | Reached XP level 5. HP: 31/37 MP: 0/9
  2873 | D:4      | Found a staircase to the Ecumenical Temple.
  2920 | D:4      | Noticed Natasha
  2927 | Temple   | Entered the Ecumenical Temple
  3343 | Temple   | Became a worshipper of Sif Muna the Loreminder
  3493 | Temple   | Killed Natasha
  3494 | Temple   | Reached XP level 6. HP: 21/43 MP: 4/11
  3505 | Temple   | HP: 2/43 [gnoll shaman/+0 club (5)]
  3511 | Temple   | Slain by a gnoll shaman

Illustrated notes

Levels and vault maps discovered:
D:1:      dpeg_arrival_court, layout_loops_cross
D:2:      layout_loops_corners, kennysheep_another_room
D:3:      layout_rooms, chequers_ecumenical_altar_island,
          uniq_crazy_yiuf_cottage
D:4:      layout_rooms, minmay_temple_entry_glass, uniq_natasha
Temple:   mainiacjoe_temple_circle_huts

Skill      XL: |  1  2  3  4  5 |
---------------+----------------+-----
Fighting       | 1 |  1.2
Hexes          | 5 6 |  6.5
Short Blades   | 2 |  2.0
Stealth        | 5 6 |  6.2
Spellcasting   | 3 |  3.6
Dodging        | |  2.1

Action                   |  1- 3 |  4- 6 || total
-------------------------+-------+-------++-------
Melee: Dagger            |    58 |    32 ||    90
       Bite              |     1 |       ||     1
 Cast: Ensorcelled Hiber |    15 |    21 ||    36
       Tukima's Dance    |       |     5 ||     5
  Use: Scroll            |     4 |       ||     4
 Stab: Sleeping          |    25 |    11 ||    36
Armor: Robe              |     8 |     8 ||    16
Dodge: Dodged            |    26 |    41 ||    67

Table legend: (Time is in decaauts)
 A = Elapsed time spent in this place.
 B = Non-inter-level travel time spent in this place.
 C = Inter-level travel time spent in this place.
 D = Time resting spent in this place.
 E = Time spent auto-exploring this place.
 F = Levels seen in this place.
 G = Mean time per level.
                   A        B        C        D        E       F      G
               +--------+--------+--------+--------+--------+-----+--------+
         Total |   3510 |   3318 |    192 |    622 |   2071 |   5 |  702.0 |
       Dungeon |   2933 |   2774 |    159 |    450 |   1788 |   4 |  733.2 |
        Temple |    577 |    544 |     33 |    172 |    283 |   1 |  577.0 |
               +--------+--------+--------+--------+--------+-----+--------+

Top non-repeatable levels by time:
     D:2: 1094 daAuts
     D:3: 918 daAuts
     D:1: 852 daAuts
  Temple: 577 daAuts
     D:4: 67 daAuts
